 Dungeon Crawl Stone Soup version 0.13-a0-1638-g9943704 (webtiles) character file.

139 Broomstick the Digger (level 2, 0/20 HPs)
             Began as a Gargoyle Earth Elementalist on June 17, 2013.
             Slain by a kobold
             ... wielding a +0,+0 short sword
              (3 damage)
             ... on Level 1 of the Dungeon.
             The game lasted 00:10:01 (450 turns).

Broomstick the Digger (Gargoyle Earth Elementalist)  Turns: 450, Time: 00:10:01

HP   0/20        AC  2     Str 11      XL: 2   Next: 95%
MP   0/5         EV 12     Int 15      God:
Gold 116         SH  0     Dex 10      Spells:  1 memorised,  4 levels left

Res.Fire  : x . .   See Invis. : .   n - +0 whip
Res.Cold  : + + .   Warding    : .   c - +0 robe
Life Prot.: + . .   Conserve   : .   (no shield)
Res.Poison: .       Res.Corr.  : .   (no helmet)
Res.Elec. : .       Clarity    : .   (no cloak)
Sust.Abil.: . .     Spirit.Shd : .   (no gloves)
Res.Mut.  : .       Stasis     : .   (no boots)
Res.Rott. : .       Flight     : .   (no amulet)
Saprovore : . . .                    (no ring)
                                     p - ring of ice

@: mildly poisoned, not resistant to hostile enchantments, fairly stealthy
A: fangs 1, talons 2, cold resistance 1, life protection 1, slow metabolism 1,
petrification resistance, trample resistance
a: no special abilities


You were on level 1 of the Dungeon.
You were not hungry.

You visited 1 branch of the dungeon, and saw 1 of its levels.

You collected 96 gold pieces.

Inventory:

Hand weapons
 e - a +0,+0 hand axe
 n - a +0,+0 whip (weapon)
 r - a +0,+0 dagger of venom
Missiles
 b - 20 stones (quivered)
 k - 6 darts of frost
Armour
 c - a +0 robe (worn)
Comestibles
 a - 3 bread rations
 g - a chunk of rat flesh
 h - a chunk of giant newt flesh
 i - an apple
 m - a chunk of giant newt flesh
 q - a chunk of bat flesh
 s - a chunk of bat flesh
Scrolls
 f - a scroll of recharging {unknown}
 l - a scroll of remove curse {unknown}
 o - a scroll of curse weapon {unknown}
Jewellery
 p - a ring of ice (left hand)
Potions
 j - a potion of restore abilities {unknown}
Books
 d - a book of Geomancy

   Spells                             Type                      Level
   *Sandblast                         Earth                        1
   Stoneskin                          Transmutation/Earth          2
   Passwall                           Transmutation/Earth          3
   Stone Arrow                        Conjuration/Earth            3
   Petrify                            Transmutation/Earth          4
   Lee's Rapid Deconstruction         Earth                        5


   Skills:
 - Level 1.7 Dodging
 + Level 2.2 Stealth
 * Level 2.0 Spellcasting
   Level 0.8 Transmutations
 + Level 4.5 Earth Magic


You had 4 spell levels left.
You knew the following spells:

 Your Spells              Type           Power        Failure   Level  Hunger
a - Sandblast             Erth           ###...       3%          1    #......


Dungeon Overview and Level Annotations

Branches:
Dungeon (1/27)

Altars:


Innate Abilities, Weirdness & Mutations

You have very sharp teeth.
You have razor-sharp toenails.
Your flesh is cold resistant.
You resist negative energy.
You have a slow metabolism.
You are immune to petrification.
You are resistant to trampling.


Message History

Press: ? - help, Shift-Dir - straight line, f/p - kobold
Aim: a kobold, wielding a short sword The blast of sand misses the kobold.
The kobold barely misses you.
Casting: Sandblast
Confirm with . or Enter, or press ? or * to list all spells.
Aiming: Sandblast
Press: ? - help, Shift-Dir - straight line, f/p - kobold
Aim: a kobold, wielding a short sword The blast of sand hits the kobold.
* * * LOW HITPOINT WARNING * * *
You feel sick. The kobold barely misses you.
Casting: Sandblast
Confirm with . or Enter, or press ? or * to list all spells.
Aiming: Sandblast
Press: ? - help, Shift-Dir - straight line, f/p - kobold
Aim: a kobold, wielding a short sword The blast of sand hits the kobold.
The kobold misses you.
You hit the kobold but do no damage. Your kick misses the kobold.
The kobold hits you with a short sword.
You die...

####.................
####...%..............
................###...
####..................
####.............. .#
#######...........###..#
...........(.(........!#
................(......#
.........####..?@......#
########## #...K#######
#....# #....# #....#
#....# #....# ######


You could see a kobold.

Vanquished Creatures
  8 bats (D:1)
  2 giant cockroaches (D:1)
  A kobold (D:1)
  2 giant newts (D:1)
  7 goblins (D:1)
  4 rats (D:1)
24 creatures vanquished.

Notes
Turn   | Place    | Note
--------------------------------------------------------------
     0 | D:1      | Broomstick, the Gargoyle Earth Elementalist, began the quest for the Orb.
     0 | D:1      | Reached XP level 1. HP: 14/14 MP: 3/3
    86 | D:1      | Reached XP level 2. HP: 14/20 MP: 4/4
   450 | D:1      | Slain by a kobold

Action                   || total
-------------------------++-------
Melee: Unarmed           ||     7
       Hand axe          ||    16
       Whip              ||    22
Throw: Stone             ||     3
 Cast: Sandblast         ||    27
